cohdb
Replays
Latest Replays
All Replays
Popular Replays
Top Player Replays
Match Explorer
How It Works
Community
CoH3 Stats
Reddit
Sign in to upload your games and track your stats! →
Sign in with Steam
How to play around DAK ISG Base Cheese.
Match 29745444
Overview
Messages
Build Orders
End
Construct Barracks
Selects Armored Battlegroup
Selects Veteran Crews
Riflemen Squad
1⁄4-ton 4x4 Truck
Riflemen Squad
Riflemen Squad
Mechanized Support Center
Construct Motor Pool
Designate Forward Repair Station
Riflemen Squad
M8 Greyhound Armored Car
Construct Medical Station
M1 Anti-tank Gun Team
Grenade Package
M24 Chaffee Light Tank
M1918 Browning Automatic Rifles
Construct Medical Station
Selects M31 Recovery Vehicle
Selects Strength in Steel
Selects M8 Scott SPG
Selects UNKNOWN (2160077)
Selects War Machine
M8 Scott SPG
M8 Scott SPG
M8 Scott SPG
M31 Recovery Vehicle
Construct Medical Station
MasterStef
prabuty
0
0
Comments
sign in to comment!
No comments posted yet!